 Dungeon Crawl Stone Soup version 0.18-a0-1418-ga86aa8f (webtiles) character file.

866 Tomstefer the Carver (level 7, -7/62 HPs)
             Began as a Minotaur Gladiator on Feb 26, 2016.
             Killed by divine providence
             ... invoked by an orc priest
              (14 damage)
             ... on level 5 of the Dungeon.
             The game lasted 00:08:04 (5311 turns).

Tomstefer the Carver (Minotaur Gladiator)           Turns: 5311, Time: 00:08:04

Health: -7/62      AC:  6    Str: 21    XL:     7   Next: 72%
Magic:  6/6        EV:  8    Int:  5    God:
Gold:   218        SH:  0    Dex: 11    Spells: 0 memorised, 6 levels left

rFire  . . .     SeeInvis .     a - +0 long sword
rCold  . . .     Gourm    .     r - -2 chain mail (curse)
rNeg   . . .     Faith    .     (no shield)
rPois  .         Spirit   .     c - +0 hat
rElec  .         Dismiss  .     (no cloak)
rCorr  .         Reflect  .     (no gloves)
SustAt .         Harm     .     (no boots)
MR     .....                    (no amulet)
Stlth  ..........               (no ring)
                                (no ring)

@: not resistant to hostile enchantments, extremely unstealthy
A: retaliatory headbutt, horns 2
a: no special abilities


You were on level 5 of the Dungeon.
You were not hungry.

You visited 1 branch of the dungeon, and saw 5 of its levels.

You collected 218 gold pieces.

Inventory:

Hand Weapons
 a - a +0 long sword (weapon)
Missiles
 d - 3 throwing nets (quivered)
Armour
 b - a +0 leather armour
 c - a +0 hat (worn)
 l - a +0 scale mail
 r - a cursed -2 chain mail (worn)
Jewellery
 z - a +6 ring of dexterity {unknown}
Wands
 w - a wand of random effects (10/48)
Scrolls
 i - a scroll of amnesia
 n - 2 scrolls of magic mapping
 p - a scroll of enchant armour {unknown}
 q - 2 scrolls of teleportation {unknown}
 s - a scroll of blinking {unknown}
 v - a scroll of enchant weapon {unknown}
 y - a scroll of identify
Potions
 e - 2 potions of haste {unknown}
 g - 2 potions of flight
 j - 3 potions of curing {unknown}
 o - 3 potions of magic {unknown}
 t - 2 potions of heal wounds {unknown}
 u - a potion of might {unknown}
Books
 m - a book of Dreams

   Spells                             Type                      Level
   a - Ensorcelled Hibernation        Hexes/Ice                    2
   b - Silence                        Hexes/Air                    5
   c - Darkness                       Hexes                        6
   d - Mass Confusion                 Hexes                        6
   e - Shadow Creatures               Summoning                    6
Comestibles
 f - 3 bread rations
 h - 3 beef jerkies
 k - a slice of pizza
 x - 8 chunks of flesh


   Skills:
 + Level 5.8 Fighting
 * Level 9.7 Long Blades
 - Level 2.0 Throwing
 - Level 3.2 Dodging


You had 6 spell levels left.
You didn't know any spells.

Dungeon Overview and Level Annotations

Branches:
Dungeon (5/15)             Temple (0/1) D:4

Altars:
Elyvilon
Kikubaaqudgha
Okawaru
Qazlal
Ru
Vehumet
The Shining One

Annotations:
D:5 1 runed door, Grinder


Innate Abilities, Weirdness & Mutations

You reflexively headbutt those who attack you in melee.
You have a pair of horns on your head.


Message History

The centaur shoots an arrow.
The arrow hits you!
* * * LOW HITPOINT WARNING * * *
The centaur shoots an arrow.
The arrow hits you.
* * * LOW HITPOINT WARNING * * *
You see here 2 arrows.
An orc priest comes into view. It is wielding a hand axe.
The orc priest shouts!
The centaur shoots an arrow.
The arrow hits you.
* * * LOW HITPOINT WARNING * * *
The centaur shoots an arrow.
The arrow hits you.
* * * LOW HITPOINT WARNING * * *
You see here an arrow.
The centaur shoots an arrow.
The arrow barely misses you.
The orc priest casts a cantrip, but nothing happens.
You see here an arrow.
The crimson imp blinks!
The worker ant barely misses you.
There is an open door here.
The orc priest calls down the wrath of Beogh upon you.
Beogh smites you!
You die...

.........##..##..##...ยง.#((......
.......).##..##..##.##'#########.
.....................c(....... .
.#.......###.##........##..... .
.#.......###.##.....o.o.......
.#.#+#....##.##....(..###.....
.#.#......'..##..#....###.....
...#......##<##.###oo...... #.
.#.#.......#....@a'........
...........<....###........
...#.........#..#####+###+#
....................
.......#.........###
.................+
.#.#...#.#.......#
...#...###.......# ##.....#
#.......#


You could see a worker ant, an orc priest and an orc wizard.

Vanquished Creatures
  Duvessa (D:5)
  An ogre (D:4)
  Dowan (D:5)
  A scorpion (D:4)
  2 hounds
  An orc priest (D:4)
  6 orc wizards
  A gnoll shaman (D:4)
  2 worker ants
  Robin (D:4)
  5 gnolls (D:4)
  4 adders
  3 oozes
  A worm (D:2)
  4 dart slugs
  2 giant geckos (D:5)
  12 orcs
  A ball python (D:4)
  3 giant cockroaches
  20 goblins
  16 hobgoblins
  5 jackals
  9 kobolds
  2 quokkas
  7 bats
  2 giant gecko skeletons (D:5)
  3 giant newts
  4 rats
120 creatures vanquished.

Notes
Turn   | Place    | Note
--------------------------------------------------------------
     0 | D:1      | Tomstefer the Minotaur Gladiator began the quest for the Orb.
     0 | D:1      | Reached XP level 1. HP: 18/18 MP: 0/0
   126 | D:1      | Reached skill level 4 in Long Blades
   158 | D:1      | Reached XP level 2. HP: 18/25 MP: 1/1
   685 | D:1      | Reached skill level 5 in Long Blades
   945 | D:1      | Reached XP level 3. HP: 2/30 MP: 2/2
  1559 | D:2      | Found a stormy altar of Qazlal.
  2007 | D:2      | Found an iron altar of Okawaru.
  2008 | D:2      | Found a sacrificial altar of Ru.
  2063 | D:2      | Reached XP level 4. HP: 33/37 MP: 3/3
  2232 | D:2      | Reached skill level 6 in Long Blades
  2275 | D:3      | Found a radiant altar of Vehumet.
  2394 | D:3      | Found an ancient bone altar of Kikubaaqudgha.
  2778 | D:3      | Found a glowing golden altar of the Shining One.
  2953 | D:3      | HP: 1/38 [orc wizard/magic dart (3)]
  2964 | D:3      | Reached XP level 5. HP: 2/45 MP: 4/4
  3424 | D:4      | Reached skill level 7 in Long Blades
  3510 | D:4      | Reached XP level 6. HP: 28/52 MP: 5/5
  3774 | D:4      | Found a staircase to the Ecumenical Temple.
  4174 | D:4      | Noticed Robin
  4187 | D:4      | Reached skill level 8 in Long Blades
  4196 | D:4      | Killed Robin
  4478 | D:4      | Reached skill level 5 in Fighting
  4478 | D:4      | Reached XP level 7. HP: 56/61 MP: 6/6
  4643 | D:4      | Reached skill level 9 in Long Blades
  4728 | D:5      | Entered Level 5 of the Dungeon
  4949 | D:5      | Found a glowing golden altar of the Shining One.
  4950 | D:5      | Found a runed door.
  4950 | D:5      | Noticed an angel
  4970 | D:5      | Found a white marble altar of Elyvilon.
  4995 | D:5      | Noticed Duvessa
  5004 | D:5      | Killed Duvessa
  5005 | D:5      | Noticed Dowan
  5008 | D:5      | Killed Dowan
  5288 | D:5      | Noticed Grinder
  5311 | D:5      | Killed from afar by an orc priest

Vault maps used:
D:1:      nicolae_arrival_washed_ashore, columned_hall_lemuel
D:2:      old_standard_altar, gammafunk_temple_overflow_pools, st_stairs_11
D:3:      fiery_altar_vehumet, tso_altar, kiku_gazebo_pond_becter
D:4:      minmay_temple_entry_from_below_b, first_bread, uniq_robin
D:5:      basic_altar, lemuel_angel_altar, uniq_grinder, uniq_duvessa

Skill      XL: |  1  2  3  4  5  6  7 |
---------------+----------------------+-----
Long Blades    | 4 5 6 7 8 9 |  9.7
Fighting       | 3 4 5 |  5.8
Throwing       | |  2.0
Dodging        | |  3.2

Action                   |  1- 3 |  4- 6 |  7- 9 || total
-------------------------+-------+-------+-------++-------
Melee: Long sword        |    83 |   133 |    70 ||   286
  Use: Potion            |       |     1 |       ||     1
       Scroll            |       |     4 |       ||     4
  Eat: Chunk             |     4 |     7 |     3 ||    14
